AoeStats
← remiglf

Nomad

505047064Analyzed
2v2 RM · 24d ago on Sep 7, 2026· 59m 6s· 4 players
Game mode
Random Map
Map size
176×176
Population
200
Speed
Normal
Resources
Standard
Victory
Conquest
Starting age
Dark Age
Ending age
Imperial Age
RankedLock teamsTeams togetherTeam positionsShared explorationLock speedFull tech treeHidden civsTurbo modeCheats
Victory
Defeat
🇭🇺 Chinese · Hungary
830
+16
🇪🇸 Vikings · Spain
799
+18
🇫🇷 Goths · France
881
-49
🇺🇸 Lithuanians · United States
793
-15
ßonera
13:54 Feudal Age
15:46 Double-Bit Axe
18:02 Gold Mining
19:02 Fletching
19:14 Padded Archer Armor
21:21 Fishing Lines
27:41 Castle Age
27:07 Horse Collar
28:06 Crossbowman
28:59 Thumb Ring
31:24 Bodkin Arrow
37:19 Leather Archer Armor
43:10 Gillnets
53:44 Ballistics
56:11 Imperial Age
56:10 Wheelbarrow
58:10 Gold Shaft Mining
59:41 Chemistry
lucas_s_g
4:16 Loom
14:07 Loom
16:41 Feudal Age
22:45 Man-at-Arms
27:42 Forging
27:33 Scale Mail Armor
29:06 Arson
32:20 Double-Bit Axe
32:21 Horse Collar
37:41 Castle Age
38:02 Long Swordsman
38:30 Gambesons
38:47 Squires
40:47 Murder Holes
41:12 Ballistics
53:16 Imperial Age
52:15 Chieftains
54:06 Chain Mail Armor
54:27 Iron Casting
53:45 Two-Handed Swordsman
56:12 Siege Engineers
56:26 Elite Berserk
56:32 Elite Berserk
Nabtogo
11:39 Loom
19:48 Feudal Age
20:32 Man-at-Arms
20:59 Arson
21:38 Scale Mail Armor
21:49 Forging
26:24 Double-Bit Axe
28:36 Wheelbarrow
31:10 Padded Archer Armor
34:22 Castle Age
36:08 Long Swordsman
36:49 Squires
48:19 Stone Mining
50:54 Stone Shaft Mining
55:56 Gold Mining
remiglf
15:34 Feudal Age
15:58 Man-at-Arms
23:40 Castle Age
25:08 Double-Bit Axe
25:06 Horse Collar
26:00 Forging
25:56 Scale Barding Armor
25:56 Scale Mail Armor
27:06 Long Swordsman
27:47 Squires
28:31 Iron Casting
30:57 Gold Mining
31:01 Stone Mining
31:41 Chain Mail Armor
31:52 Bow Saw
32:01 Heavy Plow
43:19 Anarchy
46:20 Imperial Age
Connection lost

Rejoining the realm…

Still unreachable

The connection could not be restored.

Session expired

The server has moved on; the page needs a fresh start.